DBL
OAKLAND ATHLETICS @ ARIZONA DIAMONDBACKS
05/11/1997
 
TOP OF THE 1ST
Oakland Athletics batting - Pitching for Arizona Diamondbacks : RHP Scott Sanders
Pitching: RHP Scott Sanders
Batting: RHB Rickey Henderson 0-0: Ball
1-0: Called Strike
1-1: Ball
2-1: Swinging Strike
2-2: SINGLE (Groundball, 6MD, EV 95.0 MPH)
Batting: LHB John Olerud 0-0: Ball
1-0: Ball
2-0: Called Strike
2-1: Grounds into double play, 4-6-3 (Groundball, 4, EV 88.1 MPH)
Batting: SHB Geronimo Pena 0-0: Swinging Strike
0-1: Swinging Strike
0-2: Strikes out looking
Top of the 1st over - 0 runs, 1 hit, 0 errors, 0 left on base; Oakland 0 - Arizona 0
BOTTOM OF THE 1ST
Arizona Diamondbacks batting - Pitching for Oakland Athletics : LHP Jamie Moyer
Pitching: LHP Jamie Moyer
Batting: LHB Delino DeShields 0-0: Called Strike
0-1: Fly out, F9 (Flyball, 9S, EV 90.0 MPH)
Batting: RHB Lance Blankenship 0-0: Ball
1-0: Called Strike
1-1: Foul Ball, location: 2F
1-2: Ground out 5-3 (Groundball, 56, EV 85.6 MPH)
Batting: RHB Bobby M Estalella 0-0: Fly out, F7 (Flyball, 7LD, EV 96.3 MPH)
Bottom of the 1st over - 0 runs, 0 hits, 0 errors, 0 left on base; Oakland 0 - Arizona 0
TOP OF THE 2ND
Oakland Athletics batting - Pitching for Arizona Diamondbacks : RHP Scott Sanders
Batting: RHB Jay Buhner 0-0: Called Strike
0-1: Foul Ball, location: 2F
0-2: Ground out 1-3 (Groundball, 13, EV 70.0 MPH)
Batting: LHB David Justice 0-0: Called Strike
0-1: Swinging Strike
0-2: Foul Ball, location: 2F
0-2: Strikes out swinging
Batting: RHB Benito Santiago 0-0: SINGLE (Line Drive, 89M, EV 95.6 MPH)
Batting: RHB Herbert Perry 0-0: Called Strike
0-1: Ball
1-1: Ball
2-1: Ball
3-1: Called Strike
3-2: SINGLE (Line Drive, 8LS, EV 93.1 MPH)
Benito Santiago to second
Benito Santiago to third
Batting: SHB Devon White 0-0: Called Strike
0-1: Swinging Strike
0-2: Ball
1-2: Ball
2-2: Strikes out looking
Top of the 2nd over - 0 runs, 2 hits, 0 errors, 2 left on base; Oakland 0 - Arizona 0
BOTTOM OF THE 2ND
Arizona Diamondbacks batting - Pitching for Oakland Athletics : LHP Jamie Moyer
Batting: LHB Mike Greenwell 0-0: Ball
1-0: Ball
2-0: Ball
3-0: Called Strike
3-1: Base on Balls
Batting: LHB Mark Grace 0-0: Ball
1-0: Foul Ball, location: 2F
1-1: Called Strike
1-2: Grounds into double play, 4-6-3 (Groundball, 4, EV 85.0 MPH)
Batting: RHB Mike Bordick 0-0: Fly out, F7 (Line Drive, 7, EV 95.0 MPH)
Bottom of the 2nd over - 0 runs, 0 hits, 0 errors, 0 left on base; Oakland 0 - Arizona 0
TOP OF THE 3RD
Oakland Athletics batting - Pitching for Arizona Diamondbacks : RHP Scott Sanders
Batting: RHB Greg Litton 0-0: Fly out, F6 (Line Drive, 6, EV 73.1 MPH)
Batting: RHB Rickey Henderson 0-0: Fly out, F3 (Popup, 3S, EV 77.5 MPH)
Batting: LHB John Olerud 0-0: Ball
1-0: SINGLE (Line Drive, 56D, EV 95.0 MPH)
Batting: SHB Geronimo Pena 0-0: Ball
1-0: Ball
2-0: Called Strike
2-1: Ball
3-1: Called Strike
3-2: Foul Ball, location: 2F
3-2: Foul Ball, location: 2F
3-2: Strikes out looking
Top of the 3rd over - 0 runs, 1 hit, 0 errors, 1 left on base; Oakland 0 - Arizona 0
BOTTOM OF THE 3RD
Arizona Diamondbacks batting - Pitching for Oakland Athletics : LHP Jamie Moyer
Batting: LHB Scott Stahoviak 0-0: Swinging Strike
0-1: Ball
1-1: Ball
2-1: Ball
3-1: Base on Balls
Batting: RHB Butch Huskey 0-0: Called Strike
0-1: Fly out, F7 (Flyball, 78D, EV 96.9 MPH)
Batting: LHB Robin Ventura 0-0: Called Strike
0-1: Swinging Strike
0-2: Fly out, F7 (Flyball, 78S, EV 91.9 MPH)
Batting: LHB Delino DeShields 0-0: Ball
1-0: Foul Ball, location: 2F
1-1: Foul Ball, location: 2F
1-2: Foul Ball, location: 2F
1-2: Foul Ball, location: 2F
1-2: Foul Ball, location: 2F
1-2: Foul Ball, location: 2F
1-2: Foul Ball, location: 2F
1-2: Ball
2-2: Ground out 5-3 (Groundball, 5S, EV 84.4 MPH)
Bottom of the 3rd over - 0 runs, 0 hits, 0 errors, 1 left on base; Oakland 0 - Arizona 0
TOP OF THE 4TH
Oakland Athletics batting - Pitching for Arizona Diamondbacks : RHP Scott Sanders
Batting: RHB Jay Buhner 0-0: Ball
1-0: Foul Ball, location: 2F
1-1: Ball
2-1: Ball
3-1: Base on Balls
Batting: LHB David Justice 0-0: Ball
1-0: Ball
2-0: Fly out, F9 (Flyball, 9D, EV 100.6 MPH)
Batting: RHB Benito Santiago 0-0: Ball
1-0: Fielders Choice at 2nd, 6-4 (Groundball, 6, EV 85.0 MPH)
Batting: RHB Herbert Perry 0-0: Ball
1-0: Swinging Strike
1-1: Fielders Choice at 2nd, 4-6 (Groundball, 4MD, EV 99.4 MPH)
Top of the 4th over - 0 runs, 0 hits, 0 errors, 1 left on base; Oakland 0 - Arizona 0
BOTTOM OF THE 4TH
Arizona Diamondbacks batting - Pitching for Oakland Athletics : LHP Jamie Moyer
Batting: RHB Lance Blankenship 0-0: Called Strike
0-1: Foul Ball, location: 2F
0-2: Ball
1-2: Ball
2-2: Foul Ball, location: 2F
2-2: DOUBLE (Line Drive, 9LS, EV 100.0 MPH)
Batting: RHB Bobby M Estalella 0-0: Ball
1-0: Foul Ball, location: 2F
1-1: Hit by Pitch
Batting: LHB Mike Greenwell 0-0: Ball
Wild Pitch!
Lance Blankenship to third
Bobby M Estalella to second
1-0: Called Strike
1-1: Ball
2-1: Ball
3-1: Swinging Strike
3-2: Strikes out looking
Batting: LHB Mark Grace 0-0: Foul Ball, location: 2F
0-1: Swinging Strike
0-2: SINGLE (Line Drive, 4D, EV 96.3 MPH)
Lance Blankenship scores
Bobby M Estalella to third
Runner from 3rd tries for Home, throw by CF and OUT! 8-2
Batting: RHB Mike Bordick 0-0: Swinging Strike
0-1: Swinging Strike
0-2: Foul Ball, location: 2F
0-2: Strikes out swinging
Bottom of the 4th over - 1 run, 2 hits, 0 errors, 1 left on base; Oakland 0 - Arizona 1
TOP OF THE 5TH
Oakland Athletics batting - Pitching for Arizona Diamondbacks : RHP Scott Sanders
Batting: SHB Devon White 0-0: SINGLE (Groundball, 13, EV 69.4 MPH) (infield hit)
Batting: RHB Greg Litton 0-0: Called Strike
0-1: Ball
1-1: Bunted foul
1-2: Strikes out swinging
Batting: RHB Rickey Henderson 0-0: Called Strike
Devon White is caught stealing 2nd base 2-4
0-1: Ball
1-1: Foul Ball, location: 2F
1-2: Fly out, F4 (Popup, 4S, EV 78.8 MPH)
Top of the 5th over - 0 runs, 1 hit, 0 errors, 0 left on base; Oakland 0 - Arizona 1
BOTTOM OF THE 5TH
Arizona Diamondbacks batting - Pitching for Oakland Athletics : LHP Jamie Moyer
Batting: LHB Scott Stahoviak 0-0: Ball
1-0: Fly out, F9 (Line Drive, 9, EV 84.4 MPH)
Batting: RHB Butch Huskey 0-0: Reached on error, E6 (Groundball, 6MD, EV 103.1 MPH)
Batting: LHB Robin Ventura 0-0: Ball
1-0: Swinging Strike
1-1: Swinging Strike
1-2: Ball
2-2: Fly out, F7 (Flyball, 78S, EV 71.3 MPH)
Batting: LHB Delino DeShields 0-0: Ball
Wild Pitch!
Butch Huskey to second
1-0: Foul Ball, location: 2F
1-1: Foul Ball, location: 2F
1-2: Ball
2-2: Ball
3-2: Foul Ball, location: 2F
3-2: Strikes out swinging
Bottom of the 5th over - 0 runs, 0 hits, 1 error, 1 left on base; Oakland 0 - Arizona 1
TOP OF THE 6TH
Oakland Athletics batting - Pitching for Arizona Diamondbacks : RHP Scott Sanders
Batting: LHB John Olerud 0-0: Ball
1-0: Ball
2-0: SINGLE (Groundball, 3D, EV 99.4 MPH)
Batting: SHB Geronimo Pena 0-0: Called Strike
0-1: Ball
1-1: 2-RUN HOME RUN (Flyball, 7LD, EV 101.9 MPH), Distance : 342 ft
Batting: RHB Jay Buhner 0-0: Foul Ball, location: 2F
0-1: Called Strike
0-2: Hit by Pitch
Batting: LHB David Justice 0-0: Called Strike
0-1: Foul Ball, location: 2F
0-2: Foul Ball, location: 2F
0-2: Foul Ball, location: 2F
0-2: Foul Ball, location: 2F
0-2: Foul Ball, location: 2F
0-2: Fly out, F8 (Flyball, 8LM, EV 95.6 MPH)
Batting: RHB Benito Santiago 0-0: Ball
1-0: Foul Ball, location: 2F
1-1: 2-RUN HOME RUN (Flyball, 78XD, EV 94.4 MPH), Distance : 417 ft
Batting: RHB Herbert Perry 0-0: Fly out, F3 (Popup, 3SF, EV 72.5 MPH)
Batting: SHB Devon White 0-0: Ball
1-0: Ground out 4-3 (Groundball, 4, EV 85.6 MPH)
Top of the 6th over - 4 runs, 3 hits, 0 errors, 0 left on base; Oakland 4 - Arizona 1
BOTTOM OF THE 6TH
Arizona Diamondbacks batting - Pitching for Oakland Athletics : LHP Jamie Moyer
Batting: RHB Lance Blankenship 0-0: Ball
1-0: Ball
2-0: Called Strike
2-1: Foul Ball, location: 2F
2-2: SINGLE (Groundball, 4, EV 90.6 MPH) (infield hit)
Batting: RHB Bobby M Estalella 0-0: Ball
1-0: Swinging Strike
1-1: Foul Ball, location: 2F
1-2: Ball
2-2: Ball
3-2: Base on Balls
Lance Blankenship to second
Batting: LHB Mike Greenwell 0-0: Ball
1-0: Foul Ball, location: 2F
1-1: Fielders Choice at 2nd, 6-4 (Groundball, 6, EV 84.4 MPH)
Lance Blankenship to third
Batting: LHB Mark Grace 0-0: Ball
1-0: Called Strike
1-1: Called Strike
1-2: SINGLE (Line Drive, 78S, EV 108.8 MPH)
Lance Blankenship scores
Mike Greenwell to second
Batting: RHB Mike Bordick 0-0: Ball
1-0: Ball
2-0: Ball
3-0: Base on Balls
Mike Greenwell to third
Mark Grace to second
Batting: LHB Scott Stahoviak 0-0: Foul Ball, location: 2F
0-1: Fly out, F4 (Line Drive, 4, EV 61.9 MPH)
Batting: RHB Butch Huskey 0-0: Fly out, F8 (Flyball, 89M, EV 77.5 MPH)
Bottom of the 6th over - 1 run, 2 hits, 0 errors, 3 left on base; Oakland 4 - Arizona 2
TOP OF THE 7TH
Oakland Athletics batting - Pitching for Arizona Diamondbacks : RHP Scott Sanders
Batting: RHB Greg Litton 0-0: Ball
1-0: Foul Ball, location: 2F
1-1: Called Strike
1-2: Strikes out swinging
Pitching: LHP Pedro Martinez
Batting: RHB Rickey Henderson 0-0: Ball
1-0: Foul Ball, location: 2F
1-1: Ground out U3 (Groundball, 34, EV 108.1 MPH)
Batting: LHB John Olerud 0-0: Foul Ball, location: 2F
0-1: Called Strike
0-2: Strikes out swinging
Top of the 7th over - 0 runs, 0 hits, 0 errors, 0 left on base; Oakland 4 - Arizona 2
BOTTOM OF THE 7TH
Arizona Diamondbacks batting - Pitching for Oakland Athletics : LHP Jamie Moyer
Batting: LHB Robin Ventura 0-0: Called Strike
0-1: Ball
1-1: Ground out 3-1 (Groundball, 34, EV 90.6 MPH)
Pitching: LHP Kirk Rueter
Batting: LHB Delino DeShields 0-0: Ball
1-0: Swinging Strike
1-1: Foul Ball, location: 2F
1-2: Ground out 6-3 (Groundball, 6, EV 82.5 MPH)
Batting: RHB Lance Blankenship 0-0: Ball
1-0: Swinging Strike
1-1: Ball
2-1: Ball
3-1: Fly out, F8 (Flyball, 8RD, EV 102.5 MPH)
Bottom of the 7th over - 0 runs, 0 hits, 0 errors, 0 left on base; Oakland 4 - Arizona 2
TOP OF THE 8TH
Oakland Athletics batting - Pitching for Arizona Diamondbacks : LHP Pedro Martinez
Batting: SHB Geronimo Pena 0-0: Called Strike
0-1: Swinging Strike
0-2: Fly out, F5 (Line Drive, 5, EV 71.3 MPH)
Batting: RHB Jay Buhner 0-0: Ball
1-0: Called Strike
1-1: Ball
2-1: Ball
3-1: Foul Ball, location: 2F
3-2: Base on Balls
Pitching: RHP Kelvim Escobar
Batting: LHB David Justice 0-0: Ball
1-0: Foul Ball, location: 2F
1-1: Called Strike
1-2: Ball
2-2: Strikes out swinging
Batting: RHB Benito Santiago 0-0: Called Strike
0-1: Ball
1-1: Foul Ball, location: 2F
1-2: Fly out, F2 (Popup, 5SF, EV 75.0 MPH)
Top of the 8th over - 0 runs, 0 hits, 0 errors, 1 left on base; Oakland 4 - Arizona 2
BOTTOM OF THE 8TH
Arizona Diamondbacks batting - Pitching for Oakland Athletics : LHP Kirk Rueter
Batting: RHB Bobby M Estalella 0-0: Ball
1-0: Called Strike
1-1: DOUBLE (Line Drive, 78M, EV 94.4 MPH)
Batting: LHB Mike Greenwell 0-0: Ball
1-0: Foul Ball, location: 2F
1-1: Ground out 1-3 (Groundball, P, EV 81.3 MPH)
Bobby M Estalella to third
Batting: LHB Mark Grace 0-0: Swinging Strike
0-1: Ball
1-1: Fly out, F8 (Flyball, 8LD, EV 100.6 MPH)
Runner from 3rd tags up, SCORES, no throw by CF
Batting: RHB Mike Bordick 0-0: Ball
1-0: Called Strike
1-1: Ball
2-1: Ball
3-1: Base on Balls
Batting: LHB Scott Stahoviak 0-0: Foul Ball, location: 2F
0-1: Called Strike
0-2: Strikes out swinging
Bottom of the 8th over - 1 run, 1 hit, 0 errors, 1 left on base; Oakland 4 - Arizona 3
TOP OF THE 9TH
Oakland Athletics batting - Pitching for Arizona Diamondbacks : RHP Kelvim Escobar
Batting: RHB Herbert Perry 0-0: Called Strike
0-1: Ball
1-1: Fly out, F8 (Flyball, 8RS, EV 86.3 MPH)
Batting: SHB Devon White 0-0: Called Strike
0-1: Called Strike
0-2: Foul Ball, location: 2F
0-2: Ball
1-2: Ball
2-2: Ball
3-2: Fly out, F8 (Flyball, 89S, EV 95.6 MPH)
Batting: RHB Greg Litton 0-0: Foul Ball, location: 2F
0-1: Ball
1-1: Called Strike
1-2: Ball
2-2: Ball
3-2: Strikes out swinging
Top of the 9th over - 0 runs, 0 hits, 0 errors, 0 left on base; Oakland 4 - Arizona 3
BOTTOM OF THE 9TH
Arizona Diamondbacks batting - Pitching for Oakland Athletics : LHP Kirk Rueter
Pitching: RHP Jason Bere
Batting: RHB Butch Huskey 0-0: Called Strike
0-1: Called Strike
0-2: Foul Ball, location: 2F
0-2: Strikes out swinging
Batting: LHB Robin Ventura 0-0: Ball
1-0: Foul Ball, location: 2F
1-1: Ball
2-1: Foul Ball, location: 2F
2-2: SINGLE (Groundball, 34D, EV 106.9 MPH)
Batting: LHB Delino DeShields 0-0: Foul Ball, location: 2F
0-1: Ball
1-1: Ball
2-1: Foul Ball, location: 2F
2-2: Foul Ball, location: 2F
2-2: Ball
3-2: SINGLE (Groundball, 6MS, EV 82.5 MPH) (infield hit)
Robin Ventura to second
Batting: RHB Lance Blankenship 0-0: Swinging Strike
0-1: Called Strike
0-2: Ball
Wild Pitch!
Robin Ventura to third
Delino DeShields to second
1-2: Ball
2-2: Strikes out looking
Batting: RHB Bobby M Estalella 0-0: Ball
1-0: Called Strike
1-1: Foul Ball, location: 2F
1-2: Strikes out looking
Bottom of the 9th over - 0 runs, 2 hits, 0 errors, 2 left on base; Oakland 4 - Arizona 3
Monday, February 9th, 2026 - OOTP Baseball 20.8 Build 74